 Dungeon Crawl Stone Soup version 0.30-a0-672-gc3a7216ad8 (webtiles) character file.

Game seed: 15124464428417702631

2242 bande the Cleaver (level 9, 0/78 HPs)
             Began as a Hill Orc Fighter on Jan 19, 2023.
             Slain by a gnoll
             ... wielding a +0 halberd
             ... led by a gnoll bouda
              (3 damage)
             ... on level 7 of the Dungeon.
             The game lasted 00:11:07 (5131 turns).

bande the Cleaver (Hill Orc Fighter)                Turns: 5131, Time: 00:11:08

Health: 0/78       AC: 15    Str: 19    XL:     9   Next: 37%
Magic:  9/9        EV:  5    Int:  5    God:
Gold:   461        SH: 10    Dex: 14    Spells: 8/8 levels left

rFire   . . .      SeeInvis .    f - +7 broad axe "Ultimatum" {heavy, rElec rN+ Int-3}
rCold   . . .      Faith    .    c - +0 buckler
rNeg    + . .      Spirit   .    h - +0 plate armour
rPois   .          Reflect  +    (no helmet)
rElec   +          Harm     .    (no cloak)
rCorr   .          Rampage  .    v - +1 pair of gloves
Will    .....                    (no boots) Stlth
                                 m - amulet of reflection
HPRegen 0.33/turn                w - +4 ring of slaying
MPRegen 0.11/turn                (no ring)

@: lethally poisoned (0 -> -9)
A: no striking features
a: no special abilities


You were on level 7 of the Dungeon.
You visited 1 branch of the dungeon, and saw 7 of its levels.

You collected 472 gold pieces.
You spent 11 gold pieces at shops.

Inventory:

Hand Weapons
 f - the +7 broad axe "Ultimatum" (weapon) {heavy, rElec rN+ Int-3}
   (You acquired it on level 3 of the Dungeon)

   Int:       It affects your intelligence (-3).
   rElec:     It insulates you from electricity.
   rN:        It protects you from negative energy.
 y - a +3 war axe
Armour
 c - a +0 buckler (worn)
 h - a +0 plate armour (worn)
 v - a +1 pair of gloves (worn)
Jewellery
 g - a ring of wizardry
 m - an amulet of reflection (around neck)
 q - a ring of wizardry
 w - a +4 ring of slaying (left hand)
Wands
 n - a wand of polymorph (6)
 x - a wand of digging (1)
Scrolls
 b - 2 scrolls of silence
 e - a scroll of enchant weapon
 A - a scroll of teleportation
Potions
 d - 2 potions of might
 i - a potion of haste
 j - a potion of mutation
 k - 2 potions of flight
 l - a potion of resistance
 o - a potion of ambrosia {unknown}
 r - a potion of cancellation
 s - a potion of berserk rage
 t - a potion of brilliance {unknown}
 u - 8 potions of curing
 z - a potion of heal wounds {unknown}


   Skills:
 + Level 6.7 Fighting
 + Level 11.6 Axes
 + Level 6.6 Armour
 + Level 6.1 Shields


You had 8 spell levels left.
You didn't know any spells.
Your spell library contained the following spells:

 Spells                   Type           Power      Damage    Failure   Level
 Apportation              Tloc           0%         N/A       100%        1
 Alistair's Intoxication  Tmut/Pois      0%         N/A       100%        5


Dungeon Overview and Level Annotations

Branches:
Dungeon (7/15)
 Temple: D:4-7

Altars:
Ashenzari
Cheibriados
Hepliaklqana
Nemelex Xobeh
Qazlal
Sif Muna
Uskayaw
The Shining One

Shops:
D:3 =   D:6 *!=?[


Message History

You feel very sick. You block the gnoll's attack.
The gnoll hits you with a +0 spear. The gnoll hits you with a +0 flail.
You block the gnoll's attack. The gnoll closely misses you.
You are too injured to fight recklessly!
You are too injured to fight recklessly!
You are too injured to fight recklessly!
You are too injured to fight recklessly!
You are too injured to fight recklessly!
You are too injured to fight recklessly!
You are too injured to fight recklessly!
You are too injured to fight recklessly!
Unknown command.
You closely miss the gnoll. You slash the gnoll!
You kill the gnoll!
You feel very sick. You block the gnoll's attack.
The gnoll hits you from afar with a +1 spear of venom.
You are more poisoned.
The gnoll hits you with a +0 flail.
Unknown command.
You slice the gnoll like a ripe choko!!!
You kill the gnoll!
You feel extremely sick.
A gnoll comes into view. It is wielding a +0 halberd.
You block the gnoll's attack. The gnoll hits you but does no damage.
You feel very sick.
The gnoll shouts!
The gnoll hits you with a +1 spear of venom.
* * * LOW HITPOINT WARNING * * *
You are lethally poisoned!
Items here: )) [ ††.
You slice the gnoll!!
You kill the gnoll!
* * * LOW HITPOINT WARNING * * *
You feel extremely sick.
* * * LOW HITPOINT WARNING * * *
You feel very sick.
The gnoll hits you from afar with a +0 halberd.
You die...

#..#####...# #.#
#..........# #.# .#
#..#>..#...######.# ...
#..#...#...##...... #..
#..#...#....+......
.#...#..#...###..#......
......))!........#......
#####g#).............#.#
.......@...#.......###.#
#####.####.#...........#
.<. #.#####.#.##### ###
.# ...#.# .# ..###.#
#... #.# #.. #.# #. ..#


You could see a gnoll.

Vanquished Creatures
  Sigmund (D:2)
  An ice beast (D:6)
  A sky beast (D:7)
  A black bear (D:4)
  An ogre (D:6)
  A centaur (D:5)
  A phantom (D:6)
  2 necrophages
  A wyvern zombie (D:6)
  2 scorpions
  10 wights (D:6)
  A wyvern skeleton (D:6)
  A howler monkey (D:4)
  A hound (D:4)
  An orc priest (D:4)
  2 gnoll boudas
  3 jellies
  3 orc wizards
  Ijyb (D:5)
  An iguana (D:4)
  8 gnolls
  9 adders
  2 white imps
  4 worms
  3 dart slugs
  21 orcs
  6 endoplasms
  6 giant cockroaches
  6 goblins
  6 hobgoblins
  5 jackals
  5 kobolds
  4 quokkas
  5 ball pythons
  9 bats
  8 frilled lizards
  5 rats
148 creatures vanquished.

Vanquished Creatures (others)
  A withered plant (D:6)
1 creature vanquished.

Grand Total: 149 creatures vanquished

Notes
Turn   | Place    | Note
-------+----------+-------------------------------------------
     0 | D:1      | bande the Hill Orc Fighter began the quest for the Orb.
     0 | D:1      | Reached XP level 1. HP: 19/19 MP: 1/1
     4 | D:1      | You fall into a shaft and drop 1 floor!
   228 | D:1      | Reached XP level 2. HP: 19/27 MP: 2/2
   304 | D:1      | Reached skill level 3 in Axes
   393 | D:1      | Found a faded altar of an unknown god.
   873 | D:1      | Reached XP level 3. HP: 33/33 MP: 3/3
  1193 | D:2      | Reached skill level 4 in Axes
  1302 | D:2      | Reached XP level 4. HP: 40/40 MP: 4/4
  1510 | D:2      | Noticed Sigmund
  1520 | D:2      | Killed Sigmund
  1521 | D:2      | Reached skill level 6 in Axes
  1521 | D:2      | Reached XP level 5. HP: 33/47 MP: 5/5
  1521 | D:2      | Reached XP level 6. HP: 37/53 MP: 6/6
  2078 | D:3      | Found Tueffo's Jewellery Shop.
  2581 | D:3      | Identified a scroll of acquirement
  2581 | D:3      | Acquired the +7 broad axe "Ultimatum" {heavy, rElec rN+
                  | Int-3}
  2977 | D:4      | Noticed a black bear
  2983 | D:4      | Killed a black bear
  2984 | D:4      | Reached skill level 7 in Axes
  2984 | D:4      | Reached XP level 7. HP: 56/60 MP: 7/7
  3113 | D:4      | Found a snail-covered altar of Cheibriados.
  3224 | D:4      | Found a glowing golden altar of the Shining One.
  3316 | D:4      | Found a broken altar of Ashenzari.
  3330 | D:4      | Reached skill level 5 in Fighting
  3396 | D:4      | Reached skill level 8 in Axes
  3396 | D:4      | Reached skill level 5 in Armour
  3633 | D:5      | Entered Level 5 of the Dungeon
  3638 | D:5      | Noticed Ijyb
  3644 | D:5      | Reached skill level 5 in Shields
  3648 | D:5      | Reached XP level 8. HP: 51/68 MP: 8/8
  3649 | D:5      | Killed Ijyb
  3795 | D:5      | Found a stormy altar of Qazlal.
  3797 | D:5      | Noticed a water elemental
  3798 | D:5      | Noticed an air elemental
  4095 | D:5      | Reached skill level 9 in Axes
  4122 | D:6      | Found a shimmering blue altar of Sif Muna.
  4135 | D:6      | Found a sparkling altar of Nemelex Xobeh.
  4135 | D:6      | Found a hide-covered altar of Uskayaw.
  4145 | D:6      | Found Somuiq's Distillery.
  4150 | D:6      | Bought a potion of degeneration for 11 gold pieces
  4155 | D:6      | Identified the +2 pair of boots "Tueppuet" {rF+++ Int-3
                  | Dex+6}
  4209 | D:6      | Found Docotuir's Magic Scroll Shoppe.
  4333 | D:6      | Reached skill level 10 in Axes
  4396 | D:6      | Found a hazy altar of Hepliaklqana.
  4457 | D:6      | Found Eteamim's Antique Armour Shoppe.
  4500 | D:6      | Found Rovek's Jewellery Emporium.
  4509 | D:6      | Reached XP level 9. HP: 75/75 MP: 9/9
  4520 | D:6      | Reached skill level 11 in Axes
  4733 | D:6      | Found Colinil's General Store.
  5131 | D:7      | HP: 3/78 [poisoned by a gnoll]
  5131 | D:7      | Slain by a gnoll

Illustrated notes

Levels and vault maps discovered:
D:1:      roderic_dead_forest, layout_loops_corners,
          shapermc_ecumenical_altar_venn, serial_bayou_pond_a, st_stairs_9
D:2:      layout_basic, grunt_ministairs_1, uniq_sigmund
D:3:      layout_rooms, serial_shops, shop, minmay_puff
D:4:      layout_cave_pools, mainiacjoe_overflow_six_doors_small,
          amcnicky_altar_gilded, slow_altar_2
D:5:      layout_rooms, nicolae_qazlal_style_of_elements,
          kennysheep_generic_room_13, uniq_ijyb
D:6:      layout_gridville, lemuel_tele_altar, kennysheep_mini,
          chequers_temple_overflow_statue_of_worship, serial_shops,
          nicolae_shop_hallway_plus, nicolae_shop_behind_doors,
          nicolae_shop_hallway_plus, nicolae_shop_competitors_out_of_business,
          nicolae_square_shop, serial_undead, serial_undead_b, serial_undead_f,
          serial_undead_c, serial_undead_f, serial_undead_c
D:7:      layout_basic, minmay_temple_entry_poolview

Skill      XL: |  1  2  3  4  5  6  7  8  9 |
---------------+----------------------------+-----
Axes           | 3 4 6 7 8 10 11 | 11.6
Fighting       | 4 5 6 |  6.7
Armour         | 4 5 6 |  6.6
Shields        | 4 5 6 |  6.1

Action                   |  1- 3 |  4- 6 |  7- 9 || total
-------------------------+-------+-------+-------++-------
Melee: War axe           |    81 |    86 |       ||   167
       Broad axe         |       |    20 |   109 ||   129
  Use: Scroll            |       |    15 |     7 ||    22
Armor: Scale mail        |    34 |    33 |       ||    67
       Plate armour      |       |    13 |    73 ||    86
Dodge: Dodged            |    35 |    29 |    29 ||    93
Block: Buckler           |    25 |    51 |    94 ||   170
       Reflection        |     1 |       |     1 ||     2

Table legend: (Time is in decaauts)
 A = Elapsed time spent in this place.
 B = Non-inter-level travel time spent in this place.
 C = Inter-level travel time spent in this place.
 D = Time resting spent in this place.
 E = Time spent auto-exploring this place.
 F = Levels seen in this place.
 G = Mean time per level.
                   A        B        C        D        E       F      G
               +--------+--------+--------+--------+--------+-----+--------+
         Total |   5281 |   5109 |    172 |    341 |   3671 |   7 |  754.4 |
       Dungeon |   5281 |   5109 |    172 |    341 |   3671 |   7 |  754.4 |
               +--------+--------+--------+--------+--------+-----+--------+

Top non-repeatable levels by time:
     D:2: 1064 daAuts
     D:6: 956 daAuts
     D:3: 940 daAuts
     D:1: 937 daAuts
     D:4: 799 daAuts
     D:5: 501 daAuts
     D:7: 82 daAuts
